 Dungeon Crawl Stone Soup version 0.26.0-45-g9c1d065592 (webtiles) character file.

Game seed: 1291430539728527435

228 kaeus the Sneak (level 6, -3/43 HPs)
             Began as an Octopode Monk on Jan 27, 2021.
             Slain by an ogre
             ... wielding a +0 giant club
              (21 damage)
             ... on level 4 of the Dungeon.
             The game lasted 00:03:06 (3218 turns).

kaeus the Sneak (Octopode Monk)                     Turns: 3218, Time: 00:03:07

Health: -3/43      AC:  1    Str: 10    XL:     6   Next: 2%
Magic:  6/6        EV: 15    Int: 12    God:
Gold:   113        SH:  0    Dex: 17    Spells: 5/5 levels left

rFire    . . .     SeeInvis .   a - +0 short sword
rCold    . . .     Faith    .   (no shield)
rNeg     . . .     Spirit   .   (helmet restricted)
rPois    .         Reflect  .   (no amulet)
rElec    .         Harm     .   (no ring)
rCorr    .         Rampage  .   (no ring)
Will     .....                  (no ring)
Stlth    ++++......             (no ring)
HPRegen  0.14/turn              (no ring)
MPRegen  0.10/turn              (no ring)
                                (no ring)
                                (no ring)

@: no status effects
A: almost no armour, stealthy swim, amphibious, 8 rings, constrict 8, camouflage
1, gelatinous body 1
a: no special abilities


You were on level 4 of the Dungeon.
You visited 1 branch of the dungeon, and saw 4 of its levels.

You collected 113 gold pieces.

Inventory:

Hand Weapons
 a - a +0 short sword (weapon)
Scrolls
 b - 3 scrolls of blinking {unknown}
 f - a scroll of fear {unknown}
 h - a scroll of teleportation {unknown}
 i - a scroll of enchant weapon {unknown}
 j - a scroll of magic mapping {unknown}
 l - a scroll of enchant armour {unknown}
 m - a scroll of identify {unknown}
 n - a scroll of remove curse {unknown}
Potions
 c - 2 potions of brilliance {unknown}
 d - 2 potions of curing {unknown}
 e - a potion of might {unknown}
 g - a potion of invisibility {unknown}
 k - 3 potions of heal wounds {unknown}
 o - a potion of attraction {unknown}


   Skills:
 + Level 3.9 Fighting
 + Level 3.9 Short Blades
 + Level 3.9 Dodging
 * Level 5.9 Stealth


You had 5 spell levels left.
You didn't know any spells.
Your spell library was empty.

Dungeon Overview and Level Annotations

Branches:
Dungeon (4/15)
 Temple: D:4-7

Altars:
Ashenzari
Qazlal
Trog

Annotations:
D:4 Menkaure


Innate Abilities, Weirdness & Mutations

You cannot wear most types of armour.
You are very stealthy in the water. (Stealth+)
You are amphibious.
You can wear up to eight rings at the same time.
You can use your tentacles to constrict eight enemies at once.
Your skin changes colour to match your surroundings (Stealth+).
Your rubbery body absorbs attacks. (AC +1, EV +1)


Message History

You are too injured to fight recklessly!
There are monsters nearby!
You take 25 damage, and have 18/43 hp.
MASSIVE DAMAGE!!
You are too injured to fight recklessly!
There are monsters nearby!
You are too injured to fight recklessly!
There are monsters nearby!
You are too injured to fight recklessly!
There are monsters nearby!
You are too injured to fight recklessly!
There are monsters nearby!
You barely miss the ogre.
The ogre is lightly wounded.
Menkaure mumbles some strange words.
Menkaure seems to speed up.
You hit the ogre.
The ogre is moderately wounded.
A giant cockroach comes into view.
The ogre hits you with a +0 giant club!!
You die...

## .. #########.##
#.......#..
#########.#####.#<#
#.........#
#.#.####..
#.#######.#
#.@...?... #. #.#
#.O#...... #.
###.#####.#. ###.B
#.## #...........#
...####.####.####..
#)...<........ .M.
...####.†.##.###
!... .#.# #.#.#
..## ###. #...#


You could see an ogre, Menkaure (fast) and a giant cockroach.

Vanquished Creatures
  An ice beast (D:2)
  An orc priest (D:3)
  2 adders (D:2)
  2 oozes
  A worm (D:2)
  A dart slug (D:1)
  2 leopard geckos
  7 orcs
  11 bats
  5 giant cockroaches
  7 goblins
  13 hobgoblins
  4 jackals (D:1)
  2 quokkas
  2 frilled lizards
  5 kobolds
  A rat (D:2)
67 creatures vanquished.

Notes
Turn   | Place    | Note
-------+----------+-------------------------------------------
     0 | D:1      | kaeus the Octopode Monk began the quest for the Orb.
     0 | D:1      | Reached XP level 1. HP: 16/16 MP: 1/1
    29 | D:1      | Reached skill level 3 in Stealth
   223 | D:1      | Reached XP level 2. HP: 21/21 MP: 2/2
   734 | D:1      | Reached XP level 3. HP: 26/26 MP: 3/3
  1065 | D:2      | Reached skill level 4 in Stealth
  1090 | D:2      | Found a broken altar of Ashenzari.
  1111 | D:2      | Reached XP level 4. HP: 19/31 MP: 4/4
  1523 | D:2      | Noticed an ice beast
  1534 | D:2      | HP: 1/31 [ice beast (13)]
  1537 | D:2      | Killed an ice beast
  1538 | D:2      | Reached skill level 5 in Stealth
  1538 | D:2      | Reached XP level 5. HP: 2/37 MP: 5/5
  2126 | D:2      | Found a stormy altar of Qazlal.
  2710 | D:3      | Found a faded altar of an unknown god.
  2823 | D:3      | Found a bloodstained altar of Trog.
  2999 | D:3      | Reached XP level 6. HP: 43/43 MP: 6/6
  3214 | D:4      | Noticed Menkaure
  3218 | D:4      | Slain by an ogre

Illustrated notes

Levels and vault maps discovered:
D:1:      enne_arrival_octagon_isle, layout_rooms
D:2:      layout_basic, lemuel_coloured_pillars_altar, minmay_misc_feat_alley,
          evilmike_ruin_ashenzari
D:3:      layout_basic, chequers_ecumenical_altar_simple, serial_corexii_hall,
          corexii_hall_statues_i, corexii_hall_statues_x,
          chequers_hall_statues_y, bloody_trog
D:4:      layout_loops_ring, ebering_ghost_sewer_d,
          hangedman_abyss_or_decor_stagger, uniq_blork_the_orc, uniq_edmund,
          uniq_menkaure

Skill      XL: |  1  2  3  4 |
---------------+-------------+-----
Stealth        | 3 4 5 |  5.9
Fighting       | |  3.9
Short Blades   | |  3.9
Dodging        | |  3.9

Action                   |  1- 3 |  4- 6 || total
-------------------------+-------+-------++-------
Melee: Short sword       |    61 |    79 ||   140
       Constrict         |    12 |    15 ||    27
       Tentacles         |     6 |    15 ||    21
 Stab: Sleeping          |    14 |    15 ||    29
Armor: Skin              |     3 |     5 ||     8
Dodge: Dodged            |    20 |    30 ||    50
